Workbook
Name page1: 'Budget personnel'!$I$1

Sheet Budget achat
B1: Calculateur Budgétaire
B2: Pablo Remondetto, courtier hypothécaire | C2: premondetto@jahypotheques.ca 438-270-4551
B3: Instruction : Complétez les cases vertes encerclez 😊
B5: Période composée | C5: 2
B6: Prix d'achat | W6: 15
B8: Informations du prêt | C8: 0.05 | D8: 0.1 | E8: 0.15 | F8: 0.2 | W8: 20
B9: Total de la mise de fonds | C9: =C6*C8 -> 0 | D9: =D8*C6 -> 0 | E9: =E8*C6 -> 0 | F9: =F8*C6 -> 0 | W9: 25
B10: Prime d'assurance prêt hypothécaire | C10: =(C6-C9)*4% -> 0 | D10: =(C6-D9)*3.1% -> 0 | E10: =(C6-E9)*2.8% -> 0 | F10: 0 | W10: 35
B11: Taxe de 9% sur la prime d'assurance prêt hypothécaire | C11: =C10*9% -> 0 | D11: =D10*9% -> 0 | E11: =E10*9% -> 0 | F11: =F10*9% -> 0
B12: Montant du prêt | C12: =C6-C9+C10 -> 0 | D12: =C6-D9+D10 -> 0 | E12: =C6-E9+E10 -> 0 | F12: =C6-F9 -> 0
B13: Taux d’intérêt (estimée pour votre budget) | C13: 0.05 | D13: 0.05 | E13: 0.05 | F13: 0.05
B14: Amortissement | C14: 25 | D14: 25 | E14: 25 | F14: 25
B16: Paiement
B17: Taux d’intérêt mensuel | C17: =IF(COUNTA(C12,C13,C14)<3," - ",((1+C13/$C$5)^($C$5/12))-1) -> 0.0041239155 | D17: =IF(COUNTA(D12,D13,D14)<3," - ",((1+D13/$C$5)^($C$5/12))-1) -> 0.0041239155 | E17: =IF(COUNTA(E12,E13,E14)<3," - ",((1+E13/$C$5)^($C$5/12))-1) -> 0.0041239155 | F17: =IF(COUNTA(F12,F13,F14)<3," - ",((1+F13/$C$5)^($C$5/12))-1) -> 0.0041239155
B18: Mensualité (prêt hypothécaire) | C18: =IF(COUNTA(C12,C13,C14)<3," - ",PMT(C17,C14*12,-C12)) -> 0 | D18: =IF(COUNTA(D12,D13,D14)<3," - ",PMT(D17,D14*12,-D12)) -> 0 | E18: =IF(COUNTA(E12,E13,E14)<3," - ",PMT(E17,E14*12,-E12)) -> 0 | F18: =IF(COUNTA(F12,F13,F14)<3," - ",PMT(F17,F14*12,-F12)) -> 0
B19: Versement mensuel supplémentaire | C19: =D40 -> 275 | D19: =D40 -> 275 | E19: =D40 -> 275 | F19: =D40 -> 275
B20: Revenu locatif mensuel | C20: 0 | D20: 0 | E20: 0 | F20: 0
B21: Total | C21: =IF(COUNTA(C12,C13,C14)<3," - ",C18+C19) -> 275 | D21: =IF(COUNTA(D12,D13,D14)<3," - ",D18+D19) -> 275 | E21: =IF(COUNTA(E12,E13,E14)<3," - ",E18+E19) -> 275 | F21: =IF(COUNTA(F12,F13,F14)<3," - ",F18+F19) -> 275
B23: Estimation des frais de démarrage
B24: Total de la mise de fonds | C24: =C9 -> 0 | D24: =D9 -> 0 | E24: =E9 -> 0 | F24: =F9 -> 0
B25: Cliquez ici pour Taxe de Mutation/Bienvenue | C25: 0 | D25: 0 | E25: 0 | F25: 0
B26: Frais de notaire & déménagement (1,5%) | C26: =(0.015*$C$6) -> 0 | D26: =(0.015*$C$6) -> 0 | E26: =(0.015*$C$6) -> 0 | F26: =(0.015*$C$6) -> 0
B27: Taxe de 9% sur la prime d'assurance prêt hypothécaire (à payer chez le notaire) | C27: =C10*0.09 -> 0 | D27: =D10*0.09 -> 0 | E27: =E10*0.09 -> 0 | F27: =F10*0.09 -> 0
B28: Inspection | C28: 600 | D28: 600 | E28: 600 | F28: 600
B29: Ajustement des taxes municipales & scolaire (à payer chez le notaire) | C29: 0 | D29: 0 | E29: 0 | F29: 0
B30: Total des frais de démarrage | C30: =SUM(C24:C29) -> 600 | D30: =SUM(D24:D29) -> 600 | E30: =SUM(E24:E29) -> 600 | F30: =SUM(F24:F29) -> 600
B32: Estimation des frais récurrents
C33: Annuel | D33: Mensuel
B34: Taxes municipales | C34: =C6*1% -> 0 | D34: =C34/12 -> 0
B35: Taxes scolaires | C35: =C6*0.085% -> 0 | D35: =C35/12 -> 0
B36: Assurance habitation | C36: 1500 | D36: =C36/12 -> 125
B37: Électricité | C37: 1800 | D37: =C37/12 -> 150
B38: Entretiens & rénovations | C38: =C6*0.01 -> 0 | D38: =C38/12 -> 0
B39: Frais de copropriété | C39: 0 | D39: 0
B40: Total des frais récurrents | C40: =SUM(C34:C39) -> 3300 | D40: =SUM(D34:D39) -> 275

Sheet Budget personnel
A1: Pablo Remondetto, courtier hypothécaire | B1: premondetto@jahypotheques.ca 438-270-4551
B2: Mensuel | C2: Total annuel
A3: Revenus (après impôts)
A4: Revenu Net - Emprunteur 1 | C4: =B4*12 -> 0
A5: Revenu Net - Emprunteur 2 | C5: =B5*12 -> 0
A6: Revenus LOCATION | C6: =B6*12 -> 0
A7: Autres revenus | C7: =B7*12 -> 0
A8: Cliquez ici pour calculer votre revenu net
A9: Total des revenus | C9: =SUM(C4:C7) -> 0
A10: Dépenses
A11: Hypothèque | C11: =B11*12 -> 0
A12: Taxes municipales | B12: ='Budget achat'!D34 -> 0 | C12: =B12*12 -> 0
A13: Taxes scolaires | B13: ='Budget achat'!D35 -> 0 | C13: =B13*12 -> 0
A14: Assurance habitation | B14: ='Budget achat'!D36 -> 125 | C14: =B14*12 -> 1500
A15: Électricité | B15: ='Budget achat'!D37 -> 150 | C15: =B15*12 -> 1800
A16: Entretiens & rénovations | B16: ='Budget achat'!D38 -> 0 | C16: =B16*12 -> 0
A17: Frais de copropriété | B17: ='Budget achat'!D39 -> 0 | C17: =B17*12 -> 0
A19: Épicerie | C19: =B19*12 -> 0
A20: Restaurants | C20: =B20*12 -> 0
A22: Téléphone et cellulaire | C22: =B22*12 -> 0
A23: Internet et cable | C23: =B23*12 -> 0
A25: Ammeublement et équipements ménagés | C25: =B25*12 -> 0
A26: Vêtements et accessoires | C26: =B26*12 -> 0
A28: Paiement d'auto | C28: =B28*12 -> 0
A29: Essence | C29: =B29*12 -> 0
A30: Assurance auto | C30: =B30*12 -> 0
A31: Entretien d'auto | C31: =B31*12 -> 0
A33: Médicaments | C33: =B33*12 -> 0
A34: Soins | C34: =B34*12 -> 0
... A47: Remboursement de dettes divers | C47: =B47*12 -> 0
A49: Total des dépenses | B49: =SUM(B11:B48) -> 275 | C49: =SUM(C11:C48) -> 3300
A51: Total restant | C51: =C9-SUM(C11:C48) -> -3300
